 Dungeon Crawl Stone Soup version 0.31-a0-700-gf13585253f (webtiles) character file.

Game seed: 1383944339271052277

117 qw the Shooter (level 5, -1/32 HPs)
             Began as a Gargoyle Hunter on Sept 7, 2023.
             Slain by an orc
             ... wielding a +0 hand axe
              (4 damage)
             ... on level 4 of the Dungeon.
             The game lasted 00:00:58 (2102 turns).

qw the Shooter (Gargoyle Hunter)                    Turns: 2102, Time: 00:00:58

Health: -1/32      AC:  9    Str: 15    XL:     5   Next: 1%
Magic:  5/5        EV: 11    Int:  9    God:
Gold:   118        SH:  0    Dex: 15    Spells: 4/4 levels left

rFire   . . .        Y - +0 shortbow
rCold   . . .        (shield currently unavailable)
rNeg    + . .        f - +0 ring mail
rPois   inf          (no helmet)
rElec   +            (no cloak)
rCorr   .            (no gloves)
SInv    .            (no boots)
Will    .....        (no amulet)
Stlth   +            (no ring)
HPRegen 0.25/turn    (no ring)
MPRegen 0.09/turn

%: no passive effects
@: no status effects
A: sickness immunity, AC +4, negative energy resistance 1, electricity
resistance, torment resistance 1, petrification resistance
a: no special abilities


You were on level 4 of the Dungeon.
You visited 1 branch of the dungeon, and saw 4 of its levels.

You collected 118 gold pieces.


Innate Abilities, Weirdness & Mutations

You are immune to sickness and miasma.
Your stone body is resilient. (AC +4)
You are immune to poison.
You resist negative energy. (rN+)
You are resistant to electric shocks. (rElec)
You are resistant to unholy torment.
You are immune to petrification.


   Skills:
 - Level 3.2 Fighting
 + Level 5.6 Ranged Weapons
 - Level 1.0 Armour
 - Level 1.5 Dodging
 - Level 1.1 Stealth


You had 4 spell levels left.
You didn't know any spells.
Your spell library was empty.

Inventory:

Hand Weapons
 Y - a +0 shortbow (weapon)
Armour
 f - a +0 ring mail (worn)
 g - the +1 leather armour of an ice cave {rElec Will+}
   (You took it off a goblin on level 4 of the Dungeon)

   rElec:     It insulates you from electricity.
   Will+:     It increases your willpower.
Scrolls
 a - a scroll of identify
 b - a scroll of noise {unknown}
 j - a scroll of acquirement {unknown}
Potions
 c - a potion of ambrosia {unknown}
 d - a potion of degeneration {unknown}
 e - a potion of mutation {unknown}
 h - a potion of heal wounds {unknown}
 i - a potion of resistance {unknown}
 k - a potion of haste

Dungeon Overview and Level Annotations

Branches:
Dungeon (4/15)
 Temple: D:4-7

Altars:
Dithmenos
Elyvilon
Hepliaklqana
Kikubaaqudgha
Vehumet

Shops:
D:2 *   D:3 ==


Message History

You shoot an arrow.
The arrow hits the orc but does no damage.
The orc is severely wounded.
The orc closely misses you.
You shoot an arrow. The arrow barely misses the orc.
The orc hits you but does no damage. The orc barely misses you.
You shoot an arrow. The arrow closely misses the orc.
The orc hits you but does no damage. The orc hits you with a +0 war axe.
You shoot an arrow. The arrow barely misses the orc.
The orc hits you with a +0 short sword. The orc closely misses you.
The orc hits you but does no damage. The orc closely misses you.
You shoot an arrow. The arrow hits the orc!
You kill the orc!
You have reached level 5!
You shoot an arrow. The arrow hits the orc.
The orc is lightly wounded.
The orc hits you but does no damage.
You shoot an arrow.
The arrow hits the orc but does no damage.
The orc is lightly wounded.
The orc hits you with a +0 morningstar! The orc completely misses you.
You shoot an arrow. The arrow hits the orc.
The orc is severely wounded.
The orc hits you with a +0 morningstar. The orc hits you with a +0 war axe!
You shoot an arrow. The arrow hits the orc!
You kill the orc!
The orc hits you but does no damage.
You shoot an arrow.
The arrow hits the orc but does no damage.
The orc closely misses you.
You shoot an arrow. The arrow barely misses the orc.
The orc hits you with a +0 morningstar. The orc hits you with a +0 hand axe.
You shoot an arrow. The arrow barely misses the orc.
The orc misses you. The orc hits you but does no damage.
You shoot an arrow. The arrow closely misses the orc.
The orc barely misses you. The orc hits you but does no damage. x2
The orc hits you with a +0 hand axe.
You shoot an arrow. The arrow barely misses the orc.
The orc misses you. The orc hits you with a +0 hand axe.
You die...

.. .. #. #. #.
#. #o##########
#o@........#
#..#######.#
.....# #.#
##...## #.#
#.## #.# #.
####.#### #
#.......#
#.......#
###.......#####


You could see 2 orcs.

Vanquished Creatures
  4 gnolls (D:2)
  A worm (D:2)
  2 dart slugs
  4 orcs
  7 ball pythons
  4 bats
  3 endoplasms
  3 giant cockroaches
  5 goblins
  5 hobgoblins
  3 jackals (D:3)
  12 kobolds
  5 quokkas
  2 frilled lizards (D:1)
  A rat (D:3)
  A spectral kobold (D:3)
62 creatures vanquished.

Notes
Turn   | Place    | Note
-------+----------+-------------------------------------------
     0 | D:1      | qw the Gargoyle Hunter began the quest for the Orb.
     0 | D:1      | Reached XP level 1. HP: 12/12 MP: 1/1
     0 | D:1      | 0 ||| qw: Version: 0.3-a-76-g4403597
     0 | D:1      | 0 ||| qw: Game counter: 648
     0 | D:1      | 0 ||| qw: Melee chars always use a shield: true
     0 | D:1      | 0 ||| qw: God list: Okawaru
     0 | D:1      | 0 ||| qw: Allow faded altars: false
     0 | D:1      | 0 ||| qw: Do Orc after clearing Dungeon:15 true
     0 | D:1      | 0 ||| qw: Do second Lair branch before Depths: true
     0 | D:1      | 0 ||| qw: Lair rune preference: random
     0 | D:1      | 0 ||| qw: Goals: Normal
     0 | D:1      | 0 ||| PLANNING D:1-11
   125 | D:1      | Reached XP level 2. HP: 17/17 MP: 2/2
   150 | D:1      | 150 ||| Stepping ~*~*~tactically~*~*~ (retreating).
   401 | D:1      | Reached XP level 3. HP: 8/21 MP: 3/3
   573 | D:1      | Reached skill level 5 in Ranged Weapons
   828 | D:1      | 828 ||| DROPPING +6 ring of intelligence.
   829 | D:1      | 829 ||| DROPPING ring of wizardry.
   830 | D:1      | 830 ||| READING 2 scrolls labelled WUFOAW WYDAZA.
   831 | D:1      | 831 ||| READING scroll labelled OXUTSUSTRAE.
   832 | D:1      | 832 ||| DROPPING scroll of butterflies.
   880 | D:2      | Found Ipaargh's General Store.
   889 | D:2      | 889 ||| SHOPLISTING potion of haste (120 gold, have 85).
   889 | D:2      | 889 ||| SHOPLISTING scroll of enchant armour (90 gold, have
                  | 85).
   896 | D:2      | 896 ||| RETREATING.
   902 | D:2      | 902 ||| Stepping ~*~*~tactically~*~*~ (retreating).
   907 | D:2      | Reached skill level 3 in Fighting
   907 | D:2      | Reached XP level 4. HP: 17/28 MP: 4/4
   947 | D:2      | 947 ||| FLEEEEING.
   948 | D:2      | 948 ||| FLEEEEING.
  1124 | D:2      | You fall into a shaft and drop 1 floor!
  1190 | D:3      | Found a hazy altar of Hepliaklqana.
  1226 | D:3      | Found a faded altar of an unknown god.
  1226 | D:3      | Found a radiant altar of Vehumet.
  1234 | D:3      | Found an ancient bone altar of Kikubaaqudgha.
  1236 | D:3      | Found a shadowy altar of Dithmenos.
  1238 | D:3      | Found a white marble altar of Elyvilon.
  1276 | D:3      | Found Pumuz's Jewellery Shop.
  1282 | D:3      | 1282 ||| UPGRADING to +0 ring mail.
  1292 | D:3      | 1292 ||| DROPPING +0 leather armour.
  1293 | D:3      | 1293 ||| READING scroll labelled IMUXIW MISOE.
  1294 | D:3      | 1294 ||| DRINKING 2 fizzy blue potions.
  1297 | D:3      | 1297 ||| SHOPLISTING amulet of reflection (420 gold, have
                  | 85).
  1297 | D:3      | 1297 ||| SHOPLISTING ring of fire (350 gold, have 85).
  1297 | D:3      | 1297 ||| FLEEEEING.
  1298 | D:3      | 1298 ||| FLEEEEING.
  1299 | D:3      | 1299 ||| FLEEEEING.
  1300 | D:3      | 1300 ||| STAIRDANCE
  1579 | D:2      | 1579 ||| READING scroll labelled XUR QAPROPS.
  1642 | D:3      | Reached skill level 1 in Armour
  1747 | D:3      | Found Otarr's One-of-a-Kind Rings.
  1755 | D:3      | 1755 ||| SHOPLISTING +2 ring of slaying (294 gold, have
                  | 102).
  1755 | D:3      | 1755 ||| SHOPLISTING +4 ring of dexterity (210 gold, have
                  | 102).
  1755 | D:3      | 1755 ||| SHOPLISTING +4 ring of evasion (294 gold, have
                  | 102).
  1755 | D:3      | 1755 ||| SHOPLISTING +7 ring of strength (630 gold, have
                  | 102).
  1755 | D:3      | 1755 ||| SHOPLISTING ring "Maodduc" {*Slow rF+ Str+7} (575
                  | gold, have 102).
  1755 | D:3      | 1755 ||| SHOPLISTING ring of Sonkuobotti {rC+ AC+4} (700
                  | gold, have 102).
  1948 | D:3      | 1948 ||| READING scroll labelled OSERHOATW ASAI.
  1949 | D:3      | 1949 ||| READING scroll labelled FOUSOZX UMPUAB.
  2036 | D:4      | Identified the +1 leather armour of an ice cave {rElec
                  | Will+}
  2094 | D:4      | Reached XP level 5. HP: 29/32 MP: 5/5
  2099 | D:4      | HP: 6/32 [orc/+0 morningstar (6)]
  2102 | D:4      | Slain by an orc

Levels and vault maps discovered:
D:1:      ebering_trefoil_3fold, layout_loops_ring, minmay_vboxes
D:2:      layout_basic, serial_shops, nicolae_shop_crystal
D:3:      layout_rooms, nicolae_hepliaklqana_monster_ancestors,
          chequers_temple_overflow_minitemple, serial_shops, shop,
          nicolae_shop_unique_rings
D:4:      layout_loops_ring, nicolae_qazlal_general_emergency

Skill      XL: |  1  2  3  4 |
---------------+-------------+-----
Ranged Weapons | 5 |  5.6
Fighting       | 3 |  3.2
Armour         | 1 |  1.0
Dodging        | |  1.5
Stealth        | |  1.1

Action                     |  1- 3 |  4- 6 || total
---------------------------+-------+-------++-------
   Fire: Shortbow          |   123 |   100 ||   223
    Use: Scroll            |     2 |     4 ||     6
         Potion            |       |     1 ||     1
 Armour: Leather armour    |    42 |     8 ||    50
         Ring mail         |       |    23 ||    23
  Dodge: Dodged            |    47 |    32 ||    79

Table legend:
 A = Non-vault XP
 B = Vault XP
 C = Vault XP percentage of total XP
 D = Non-vault monster count
 E = Vault monster count
 F = Vault count percentage of total count
                 A         B        C        D         E       F
            +---------+---------+-------+---------+---------+-------
      Total |     153 |      15 |   8.9 |      54 |       8 |  12.9
            +---------+---------+-------+---------+---------+-------
        D:1 |      37 |      13 |  26.0 |      23 |       6 |  20.7
        D:2 |      75 |       0 |   0.0 |      13 |       0 |   0.0
        D:3 |      26 |       2 |   7.1 |      13 |       2 |  13.3
        D:4 |      15 |       0 |   0.0 |       5 |       0 |   0.0
            +---------+---------+-------+---------+---------+-------
